 Dungeon Crawl Stone Soup version 0.27.1-34-g3ba077fa99 (webtiles) character file.

Game seed: 6881955129865008324

27 iwittbrodt the Magician (level 3, 0/25 HPs)
             Began as a Human Hedge Wizard on Jan 14, 2022.
             Slain by a kobold (3 damage)
             ... on level 1 of the Dungeon.
             The game lasted 00:09:27 (1006 turns).

iwittbrodt the Magician (Human Hedge Wizard)        Turns: 1006, Time: 00:09:28

Health: 0/25       AC:  2    Str: 10    XL:     3   Next: 25%
Magic:  1/8        EV: 12    Int: 15    God:
Gold:   16         SH:  0    Dex: 12    Spells: 0/9 levels left

rFire    . . .     SeeInvis .   d - +0 quarterstaff (vorpal)
rCold    . . .     Faith    .   (shield currently unavailable)
rNeg     . . .     Spirit   .   b - +0 robe
rPois    .         Reflect  .   c - +0 hat
rElec    .         Harm     .   (no cloak)
rCorr    .         Rampage  .   (no gloves)
Will     .....                  (no boots)
Stlth    ++........             (no amulet)
HPRegen  0.08/turn              (no ring)
MPRegen  0.11/turn              (no ring)

@: no status effects
A: no striking features
a: no special abilities


You were on level 1 of the Dungeon.
You visited 1 branch of the dungeon, and saw 1 of its levels.

You collected 16 gold pieces.

Inventory:

Hand Weapons
 a - a +0 dagger
 d - a +0 vorpal quarterstaff (weapon)
Armour
 b - a +0 robe (worn)
 c - a +0 hat (worn)
 f - a +0 kite shield
Scrolls
 e - a scroll of identify {unknown}


   Skills:
 - Level 0.5 Fighting
 - Level 0.2 Staves
 - Level 2.0 Dodging
 - Level 2.0 Stealth
 + Level 0.2 Shields
 + Level 3.7 Spellcasting
 - Level 1.0 Conjurations
 - Level 1.0 Summonings
 - Level 1.0 Translocations
 + Level 0.2 Air Magic
 + Level 0.1 Poison Magic


You couldn't memorise any spells.
You knew the following spells:

 Your Spells              Type           Power      Damage    Failure   Level
a - Magic Dart            Conj           20%        1d4       12%         1
b - Call Imp              Summ           5%         N/A       19%         2
c - Conjure Flame         Conj/Fire      4%         6-21      41%         3
d - Mephitic Cloud        Conj/Pois/Air  4%         N/A       43%         3

Your spell library contained the following spells:

 Spells                   Type           Power      Damage    Failure   Level
 Blink                    Tloc           N/A        N/A       19%         2
 Slow                     Hex            2%         N/A       28%         2


Dungeon Overview and Level Annotations

Branches:
Dungeon (1/15)

Altars:


Message History

Aim: a kobold, wielding a +2 short sword of flaming (severely wounded, 100% to hit)
The magic dart hits the kobold but does no damage.
The kobold is severely wounded.
Casting: Magic Dart (safe; 12% risk of failure)
Confirm with . or Enter, or press ? or * to list all spells.
Aiming: Magic Dart (safe; 12% risk of failure)
Press: ? - help, Shift-Dir - straight line, f - endoplasm
Aim: an endoplasm (wandering, hasn't noticed you, 100% to hit)
The magic dart hits the endoplasm.
The endoplasm is heavily wounded.
The endoplasm quivers.
Casting: Magic Dart (safe; 12% risk of failure)
Confirm with . or Enter, or press ? or * to list all spells.
Aiming: Magic Dart (safe; 12% risk of failure)
Press: ? - help, Shift-Dir - straight line, f/p - endoplasm
Aim: an endoplasm (heavily wounded, 100% to hit)
The magic dart hits the endoplasm.
The endoplasm is almost dead.
Casting: Magic Dart (safe; 12% risk of failure)
Confirm with . or Enter, or press ? or * to list all spells.
You don't have enough magic to cast this spell.
Unknown command.
The kobold barely misses you.
You hit the endoplasm but do no damage.
The endoplasm is almost dead.
The endoplasm freezes you.
You are frozen.
The kobold hits you with a +2 short sword of flaming.
The kobold burns you.
You barely miss the endoplasm.
The endoplasm is severely wounded.
The endoplasm closely misses you. The kobold closely misses you.
You hit the endoplasm.
You kill the endoplasm!
The kobold hits you with a +2 short sword of flaming.
The kobold burns you. The kobold barely misses you.
The kobold hits you with a +2 short sword of flaming!
* * * LOW HITPOINT WARNING * * *
The kobold burns you.
You die...

.##.)....#..##..#...#.......#^_^.
.........#...........##......^.^.
.#...#...#.....##....##...#.#....
.#.......#................#.#.##.
.........##)#####................
.#.......##.# ##........##.#.##.
.........(..# #.........##.#.##.
..#.#....########....##.###.#.#..
..#.............@....[#.# #.#.#..
..+........#...K#.#)#.#.###.#.#..
..#.#..##..'........#.#.....#.###
..#.#..##..#....#.#...........# #
##. ..##....#.#.#.......#.# #.
..##.(..#.#.....##..#.#
#....#.#.........#.#
#....#.#.#.#.##.##.#
#.#.#>##+##.#


You could see a kobold.

Vanquished Creatures
  2 dart slugs (D:1)
  3 bats (D:1)
  2 endoplasms (D:1)
  A giant cockroach (D:1)
  3 goblins (D:1)
  A hobgoblin (D:1)
  2 jackals (D:1)
  2 frilled lizards (D:1)
  2 kobolds (D:1)
  4 rats (D:1)
22 creatures vanquished.

Notes
Turn   | Place    | Note
-------+----------+-------------------------------------------
     0 | D:1      | iwittbrodt the Human Hedge Wizard began the quest for the
                  | Orb.
     0 | D:1      | Reached XP level 1. HP: 13/13 MP: 4/4
     2 | D:1      | Noticed a naga
     2 | D:1      | Noticed a dwarf
     4 | D:1      | Noticed a formicid
     4 | D:1      | Noticed a felid
     6 | D:1      | Noticed a draconian
     6 | D:1      | Noticed a troll
     8 | D:1      | Noticed a human
    10 | D:1      | Noticed a barachi
    10 | D:1      | Noticed an elf
    12 | D:1      | Noticed a tengu
    14 | D:1      | Noticed a vampire
    14 | D:1      | Noticed a ghoul
    16 | D:1      | Noticed an octopode
    16 | D:1      | Noticed a merfolk
    18 | D:1      | Noticed a djinni
    18 | D:1      | Noticed a demigod
    20 | D:1      | Noticed an ogre
    20 | D:1      | Noticed a demonspawn
    22 | D:1      | Noticed a palentonga
    22 | D:1      | Noticed a spriggan
    24 | D:1      | Noticed a gargoyle
    26 | D:1      | Noticed a vine stalker
    26 | D:1      | Noticed a minotaur
   372 | D:1      | Reached XP level 2. HP: 19/19 MP: 3/6
   442 | D:1      | Learned a level 2 spell: Call Imp
   668 | D:1      | Found a faded altar of an unknown god.
   739 | D:1      | Reached XP level 3. HP: 18/25 MP: 0/8
   841 | D:1      | Learned a level 3 spell: Conjure Flame
   845 | D:1      | Learned a level 3 spell: Mephitic Cloud
  1006 | D:1      | Slain by a kobold

Illustrated notes

Levels and vault maps discovered:
D:1:      kb_arrival_jail, layout_basic, ebering_ecumenical_altar_webs

Action                   || total
-------------------------++-------
Melee: Dagger            ||     7
       Quarterstaff      ||    18
 Cast: Magic Dart        ||    43
Armor: Robe              ||     7
Dodge: Dodged            ||    31
